 Dungeon Crawl Stone Soup version 0.31-a0-542-gdc2a67831c (webtiles) character file.

Game seed: 17697994756195972721

95 MrSquiggles the Digger (level 4, -1/30 (33) HPs)
             Began as a Draconian Earth Elementalist on Aug 14, 2023.
             Slain by a hell rat (5 damage)
             ... in a sewer.
             The game lasted 00:08:50 (2793 turns).

MrSquiggles the Digger (DrEE)                       Turns: 2793, Time: 00:08:50

HP:   -1/30 (33)    AC:  5    Str: 10    XL:     4   Next: 39%
MP:   13/16         EV: 12    Int: 18    God:
Gold: 124           SH:  0    Dex: 11    Spells: 1/8 levels left

rFire   + . .        a - staff of poison
rCold   . . .        (no shield)
rNeg    . . .        (body armour unavailable)
rPois   +            (helmet restricted)
rElec   .            (no cloak)
rCorr   .            (no gloves)
SInv    .            (no boots)
Will    .....        h - amulet of the acrobat
Stlth   ++           i - ring of magical power
HPRegen 0.25/turn    o - ring of protection from fire
MPRegen 0.15/turn

%: acrobat
@: drained
A: AC +5, unfitting armour, cold-blooded
a: no special abilities


You were in a sewer.
You visited 1 branch of the dungeon, and saw 3 of its levels.
You also visited: Sewer.

You collected 124 gold pieces.

Inventory:

Hand Weapons
 b - a +0 sling
 n - a +0 dagger
Missiles
 r - 4 javelins
Magical Staves
 a - a staff of poison (weapon)
 l - a staff of air
 p - a staff of death
Jewellery
 h - an amulet of the acrobat (around neck)
 i - a ring of magical power (left hand)
 o - a ring of protection from fire (right hand)
Scrolls
 d - 3 scrolls of teleportation
 e - a scroll of noise
 g - a scroll of vulnerability
 k - a scroll of enchant armour
 m - a scroll of fear
Potions
 c - a potion of magic
 f - a potion of might {unknown}
 j - 2 potions of heal wounds {unknown}
 q - a potion of resistance {unknown}


   Skills:
 - Level 1.7 Dodging
 * Level 3.1 Stealth
 + Level 2.6 Spellcasting
 + Level 2.0 Transmutations
 + Level 3.5 Earth Magic


You had one spell level left.
You knew the following spells:

 Your Spells              Type           Power      Damage    Failure   Level
a - Sandblast             Erth           30%        2d9       4%          1
b - Passwall              Tmut/Erth      10%        N/A       9%          2
c - Petrify               Tmut/Erth      12%        N/A       47%         4

Your spell library contained the following spells:

 Spells                   Type           Power      Damage    Failure   Level
 Sting                    Tmut/Pois      36%        1d4       11%         1
 Stone Arrow              Conj/Erth      16%        3d8       24%         3
 Poisonous Vapours        Pois/Air       6%         N/A       26%         2
 Olgreb's Toxic Radiance  Pois           3%         N/A       86%         4


Dungeon Overview and Level Annotations

Branches:
Dungeon (3/15)              Sewer (1/1)

Altars:

Annotations:
D:3 Natasha


Innate Abilities, Weirdness & Mutations

Your plain brown scales are hard. (AC +5)
You cannot fit into any form of body armour.
You are cold-blooded and may be slowed by cold attacks.


Message History

Moving in this stuff is going to be slow.
The blast of sand hits the rat!
You kill the rat!
You start resting.
Magic restored.
You enter the shallow water.
Moving in this stuff is going to be slow.
A rat comes into view.
A rat comes into view.
The blast of sand hits the rat!
You kill the rat!
The blast of sand hits the rat!
You kill the rat!
You can't see any susceptible monsters within range! (Use Z to cast anyway.)
You can't see any susceptible monsters within range! (Use Z to cast anyway.)
You start resting.
Magic restored.
You see here a rat corpse.
You enter the shallow water.
Moving in this stuff is going to be slow.
You open the door.
A hell rat comes into view.
Found four items.
Found a gate leading back out of this place.
The blast of sand hits the hell rat.
The hell rat is moderately wounded.
The hell rat roars deafeningly!
You can't see any susceptible monsters within range! (Use Z to cast anyway.)
Found a potion of magic, a scroll labelled WOESOCVOFRE and a coppery potion.
The blast of sand hits the hell rat but does no damage.
The hell rat is moderately wounded.
The hell rat barely misses you.
The blast of sand hits the hell rat.
The hell rat is severely wounded.
The hell rat misses you.
The blast of sand misses the hell rat.
The hell rat bites you!
You feel drained. The hell rat bites you!
* * * LOW HITPOINT WARNING * * *
You feel drained.
You die...

#########
###..~.~~~###
###.~~.~@.~.†.###
#~.~~~##r##~†...#
##.~†# #~~~###~~~##
#~~.# .~~~~~ ##~~.#
#...#~~~~~~.~ #~~~#
#~..##.)!?!?.##..~#
##~.~###?∩!###~..##
#..~~~#####~~~.~#
###.~†.~∩~.~.~###


You could see a hell rat.

Vanquished Creatures
  An adder (D:3)
  4 river rats
  A worm (D:3)
  6 endoplasms
  A giant cockroach (D:2)
  4 goblins
  5 hobgoblins
  4 quokkas
  7 ball pythons
  A bat (D:1)
  2 frilled lizards (D:1)
  3 kobolds
  9 rats
48 creatures vanquished.

Notes
Turn   | Place    | Note
-------+----------+-------------------------------------------
     0 | D:1      | MrSquiggles the Draconian Earth Elementalist began the
                  | quest for the Orb.
     0 | D:1      | Reached XP level 1. HP: 14/14 MP: 3/3
   485 | D:1      | Reached XP level 2. HP: 20/20 MP: 0/5
   542 | D:1      | Learned a level 2 spell: Passwall
  1657 | D:2      | Reached XP level 3. HP: 26/26 MP: 6/6
  1979 | D:2      | Found a faded altar of an unknown god.
  2496 | D:3      | Noticed Natasha
  2592 | D:3      | Found a glowing drain.
  2605 | D:3      | Reached XP level 4. HP: 27/33 MP: 6/7
  2645 | Sewer    | Entered a sewer
  2685 | Sewer    | Learned a level 4 spell: Petrify
  2793 | Sewer    | Slain by a hell rat

Illustrated notes

Levels and vault maps discovered:
D:1:      dpeg_arrival_oval, layout_basic
D:2:      layout_basic, ebering_ecumenical_altar_box
D:3:      layout_basic, fedhas_altar_fruit_tree, portal_sewer_entry_b,
          minmay_shallow_snake_nest, uniq_natasha
Sewer:    sewer_hellmonk_bad_rat

Skill      XL: |  1  2  3  4 |
---------------+-------------+-----
Stealth        | 2 3 |  3.1
Transmutations | 2 |  2.0
Dodging        | |  1.7
Spellcasting   | |  2.6
Earth Magic    | |  3.5

Action                     |  1- 3 |  4- 6 || total
---------------------------+-------+-------++-------
   Fire: Sling             |    14 |     1 ||    15
   Cast: Sandblast         |    71 |    18 ||    89
    Use: Scroll            |     6 |       ||     6
 Armour: Skin              |    10 |       ||    10
  Dodge: Dodged            |    27 |     6 ||    33

Table legend: (Time is in decaauts)
 A = Elapsed time spent in this place.
 B = Non-inter-level travel time spent in this place.
 C = Inter-level travel time spent in this place.
 D = Time resting spent in this place.
 E = Time spent auto-exploring this place.
 F = Levels seen in this place.
 G = Mean time per level.
                   A        B        C        D        E       F      G
               +--------+--------+--------+--------+--------+-----+--------+
         Total |   2845 |   2759 |     86 |    419 |   1392 |   4 |  711.2 |
       Dungeon |   2681 |   2595 |     86 |    332 |   1392 |   3 |  893.7 |
         Sewer |    164 |    164 |      0 |     87 |      0 |   1 |  164.0 |
               +--------+--------+--------+--------+--------+-----+--------+

Top non-repeatable levels by time:
     D:1: 1508 daAuts
     D:2: 714 daAuts
     D:3: 458 daAuts
   Sewer: 164 daAuts
